Map: Abiogenesis LE

Players

Infamous - Winner!

  • Race: Protoss Protoss
  • League: Silver
  • Spawn Location: 5:00

TakeWarning

  • Race: Protoss Protoss
  • League: Silver
  • Spawn Location: 11:00

VOD

Have the link to the VOD?

Description

Time

  • Played on: April 9, 2018, 1:32 p.m.
  • Length: 8:09
Show
View Real Time Build Order
Export as new Build Order

Infamous Protoss - Winner!

Build Orders:  

Get SALT Encoding   

  12  0:01  Probe  
  13  0:16  Pylon  
  13  0:17  Probe (Chrono Boost)  
  14  0:27  Probe (Chrono Boost)  
  15  0:36  Gateway  
  15  0:38  Probe  
  16  0:50  Probe  
  16  0:52  Assimilator  
  17  1:02  Probe  
  18  1:09  Gateway  
  18  1:17  Probe  
  19  1:25  Cybernetics Core  
  19  1:29  Probe  
  19  1:41  Probe  
  20  1:53  Probe  
  21  1:58  Assimilator  
  21  2:03  Pylon  
  21  2:10  Nexus  
  21  2:14  Probe  
  22  2:20  Warp Gate (Chrono Boost)  
  22  2:26  Probe  
  25  2:33  Adept (Chrono Boost)  
  25  2:34  Adept (Chrono Boost)  
  27  2:38  Probe  
  30  3:05  Sentry  
  30  3:08  Pylon  
  30  3:15  Probe (Chrono Boost)  
  31  3:22  Sentry  
  31  3:24  Robotics Facility  
  31  3:25  Probe (Chrono Boost)  
  35  3:30  Probe (Chrono Boost)  
  35  3:33  Probe (Chrono Boost)  
  36  3:47  Probe  
  36  3:48  Probe  
  38  3:52  Gateway  
  38  3:54  Gateway x2  
  38  4:00  Probe  
  35  4:08  Probe  
  36  4:10  Pylon  
  36  4:11  Observer  
  37  4:20  Probe (Chrono Boost)  
  37  4:24  Pylon  
  39  4:25  Probe (Chrono Boost)  
  39  4:33  Forge  
  39  4:34  Stalker  
  39  4:36  Pylon  
  39  4:37  Stalker  
  43  4:42  Warp Prism (Chrono Boost)  
  43  4:49  Probe x2  
  47  5:16  Robotics Bay  
  47  5:18  Robotics Facility  
  47  5:33  Stalker x5  
  57  5:47  Protoss Ground Weapons Level 1 (Chrono Boost)  
  57  6:04  Stalker  
  57  6:05  Stalker  
  57  6:06  Zealot x2  
  57  6:07  Zealot  
  65  6:33  Zealot  
  65  6:34  Zealot x4  
  75  7:01  Stalker  
  75  7:04  Nexus  
  75  7:07  Pylon  
  77  7:09  Pylon  
  77  7:12  Pylon  
  77  7:15  Pylon  
  77  7:17  Pylon  
  81  7:30  Twilight Council  
Show
View Real Time Build Order
Export as new Build Order

TakeWarning Protoss 

Build Orders: 1 Gate Expand 

Get SALT Encoding   

  12  0:01  Probe (Chrono Boost)  
  13  0:10  Probe (Chrono Boost)  
  14  0:15  Probe (Chrono Boost)  
  15  0:27  Pylon  
  15  0:32  Pylon  
  15  0:49  Gateway  
  15  0:52  Probe  
  16  0:58  Gateway  
  16  1:09  Probe  
  17  1:39  Nexus  
  17  1:51  Gateway  
  17  1:53  Assimilator  
  17  1:54  Probe  
  18  2:08  Assimilator  
  18  2:12  Zealot (Chrono Boost)  
  18  2:13  Zealot (Chrono Boost)  
  22  2:29  Probe  
  23  2:31  Zealot x2 (Chrono Boost)  
  27  2:41  Probe, Zealot  
  30  2:49  Assimilator  
  30  2:54  Cybernetics Core  
  30  2:57  Probe  
  31  3:13  Probe (Chrono Boost)  
  33  3:22  Probe (Chrono Boost)  
  33  3:23  Probe (Chrono Boost)  
  34  3:27  Forge  
  34  3:37  Stargate  
  30  4:02  Probe  
  29  4:09  Stalker x2  
  36  4:10  Stalker  
  33  4:17  Probe (Chrono Boost)  
  37  4:18  Probe (Chrono Boost)  
  37  4:27  Probe (Chrono Boost)  
  37  4:30  Probe (Chrono Boost)  
  39  4:32  Probe (Chrono Boost)  
  40  4:39  Pylon  
  40  4:41  Stargate  
  40  4:46  Pylon  
  40  4:53  Probe (Chrono Boost)  
  40  4:55  Probe (Chrono Boost), Pylon  
  42  5:04  Probe (Chrono Boost)  
  42  5:06  Probe (Chrono Boost), Stalker  
  46  5:08  Sentry  
  49  5:14  Probe (Chrono Boost)  
  51  5:22  Probe (Chrono Boost)  
  51  5:24  Probe (Chrono Boost)  
  51  5:27  Probe (Chrono Boost)  
  51  5:32  Probe  
  53  5:37  Pylon  
  53  5:38  Probe  
  53  5:41  Assimilator  
  54  5:45  Probe  
  55  5:58  Nexus  
  55  6:01  Assimilator  
  55  6:05  Assimilator  
  55  6:08  Pylon, Warp Gate  
  55  6:18  Stalker x3  
  55  6:35  Void Ray x2 (Chrono Boost)  
  55  6:39  Stalker  
  64  6:57  Stalker (Chrono Boost), Zealot (Chrono Boost)  
  70  7:15  Sentry (Chrono Boost)  
  70  7:27  Sentry  
  70  7:32  Pylon  
Tags
 
Add a new tag
Caveats
  • Supply blocks, unpowered buildings, or Contaminate may cause inaccurate times.
  • Supply counts are checked every 10 seconds.